 Dungeon Crawl Stone Soup version 0.27-a0-1200-g94dc6ad4cf (webtiles) character file.

Game seed: 13467250820579209856

93 wakim the Cudgeller (level 4, -2/38 HPs)
             Began as a Minotaur Gladiator on June 1, 2021.
             Succumbed to a scorpion's poison
             ... on level 3 of the Dungeon.
             The game lasted 00:04:21 (2575 turns).

wakim the Cudgeller (Minotaur Gladiator)            Turns: 2575, Time: 00:04:21

Health: -2/38      AC: 10    Str: 18    XL:     4   Next: 37%
Magic:  3/3        EV:  8    Int:  6    God:
Gold:   86         SH:  0    Dex: 12    Spells: 3/3 levels left

rFire    . . .     SeeInvis +   a - +1 flail
rCold    . . .     Faith    .   (no shield)
rNeg     . . .     Spirit   .   k - +0 chain mail
rPois    .         Reflect  .   c - +0 hat
rElec    .         Harm     .   (no cloak)
rCorr    .         Rampage  .   g - +0 pair of gloves
Will     .....                  (no boots)
Stlth    ..........             (no amulet)
HPRegen  0.12/turn              b - ring of see invisible
MPRegen  0.08/turn              (no ring)

@: lethally poisoned (-2 -> -30)
A: horns 2, retaliatory headbutt
a: no special abilities


You were on level 3 of the Dungeon.
You visited 1 branch of the dungeon, and saw 3 of its levels.

You collected 86 gold pieces.

Inventory:

Hand Weapons
 a - a +1 flail (weapon)
Missiles
 d - 3 throwing nets (quivered) {=f!f}
Armour
 c - a +0 hat (worn)
 g - a +0 pair of gloves (worn)
 k - a +0 chain mail (worn)
Jewellery
 b - a ring of see invisible (left hand)
Potions
 e - 2 potions of ambrosia {unknown}
 f - a potion of attraction {unknown}
 h - a potion of lignification {unknown}
 i - a potion of cancellation {unknown}
 j - a potion of berserk rage {unknown}
 l - a potion of haste {unknown}


   Skills:
 + Level 3.0 Fighting
 * Level 4.7 Maces & Flails
 + Level 2.4 Throwing
 * Level 2.6 Armour
 + Level 3.6 Dodging


You had 3 spell levels left.
You didn't know any spells.
Your spell library was empty.

Dungeon Overview and Level Annotations

Branches:
Dungeon (3/15)

Altars:

Annotations:
D:3 2 runed translucent doors, Tempus's ghost, amateur DEFE


Innate Abilities, Weirdness & Mutations

You have a pair of horns on your head.
You reflexively headbutt those who attack you in melee.


Message History

h - a cyan potion You open the door.
There is an open door here.
You see here a giant cockroach corpse.
A scorpion comes into view.
You don't know any spells.
Unknown command.
You sock the scorpion!
The scorpion is heavily wounded.
The scorpion stings you but does no damage. x2
You hit the scorpion.
The scorpion is severely wounded.
The scorpion stings you but does no damage.
You hit the scorpion. Your headbutt misses the scorpion.
The scorpion is almost dead.
The scorpion stings you.
You are poisoned.
The scorpion poisons you! The scorpion stings you.
Your chain mail prevents you from hitting the scorpion.
Your headbutt misses the scorpion.
The scorpion is almost dead.
You feel very sick. The scorpion completely misses you.
You barely miss the scorpion.
The scorpion is almost dead.
You feel sick. The scorpion stings you!
* * * LOW HITPOINT WARNING * * *
You are lethally poisoned!
The scorpion poisons you! The scorpion stings you.
* * * LOW HITPOINT WARNING * * *
You are more poisoned.
The scorpion poisons you!
You closely miss the scorpion.
The scorpion is almost dead.
* * * LOW HITPOINT WARNING * * *
You feel extremely sick.
The scorpion stings you but does no damage.
You sock the scorpion!
You kill the scorpion!
You die...

..†..........# ...#..≈.≈
####.....###.# #.##
#..#.≈≈##
.....###+#...###.^.
...#.##≈
##....<.......##..
##.........)..##..
##............##.#
##............##.#
##............##.#
##..............@#
##............###†......
..............# .......
#####.........# .......
########### .......
....... ....... .......


There were no monsters in sight!

Vanquished Creatures
  A scorpion (D:3)
  4 adders (D:2)
  A dart slug (D:1)
  8 bats
  7 endoplasms
  2 giant cockroaches
  3 goblins
  4 hobgoblins
  4 jackals (D:1)
  7 kobolds
  2 quokkas (D:2)
  7 ball pythons
  2 frilled lizards
  2 rats
54 creatures vanquished.

Notes
Turn   | Place    | Note
-------+----------+-------------------------------------------
     0 | D:1      | wakim the Minotaur Gladiator began the quest for the Orb.
     0 | D:1      | Reached XP level 1. HP: 18/18 MP: 0/0
   131 | D:1      | Reached XP level 2. HP: 19/25 MP: 1/1
   219 | D:1      | Reached skill level 1 in Armour
   247 | D:1      | Reached skill level 4 in Maces & Flails
   667 | D:1      | Found a faded altar of an unknown god.
   728 | D:1      | Reached XP level 3. HP: 29/30 MP: 2/2
  1705 | D:2      | Reached XP level 4. HP: 35/37 MP: 3/3
  2138 | D:3      | Found a large runed translucent door.
  2139 | D:3      | Found a large runed translucent door.
  2141 | D:3      | Noticed Tempus's ghost (amateur DEFE)
  2564 | D:3      | Noticed a scorpion
  2575 | D:3      | Killed a scorpion
  2575 | D:3      | Succumbed to a scorpion's poison

Illustrated notes

Levels and vault maps discovered:
D:1:      dpeg_arrival_court, layout_rooms, chequers_ecumenical_altar_island,
          serial_aquarium, aquarium_bridge_straight [aquarium_subvault_bridge,
          aquarium_subvault_wall, aquarium_subvault_bridge,
          aquarium_subvault_wall], aquarium_bridge_straight
          [aquarium_subvault_bridge, aquarium_subvault_balcony,
          aquarium_subvault_bridge, aquarium_subvault_wall],
          aquarium_window_fake, aquarium_window_fake, aquarium_window_2,
          aquarium_window_2, aquarium_view_2c, aquarium_view_2d
D:2:      layout_loops_corners, minmay_misc_feat_more_columns
D:3:      layout_basic, ebering_ghost_disaster_area,
          chequers_serial_rivers_micro_e, st_stairs_12

Skill      XL: |  1  2  3  4 |
---------------+-------------+-----
Armour         | 1 2 |  2.6
Maces & Flails | 4 |  4.7
Fighting       | 3 |  3.0
Throwing       | |  2.4
Dodging        | |  3.6

Action                   |  1- 3 |  4- 6 || total
-------------------------+-------+-------++-------
Melee: Flail             |    62 |    36 ||    98
       Headbutt          |     9 |     2 ||    11
  Use: Scroll            |       |     4 ||     4
 Stab: Sleeping          |     1 |       ||     1
Armor: Leather armour    |    22 |       ||    22
       Chain mail        |     7 |    20 ||    27
Dodge: Dodged            |    48 |    16 ||    64

Table legend: (Time is in decaauts)
 A = Elapsed time spent in this place.
 B = Non-inter-level travel time spent in this place.
 C = Inter-level travel time spent in this place.
 D = Time resting spent in this place.
 E = Time spent auto-exploring this place.
 F = Levels seen in this place.
 G = Mean time per level.
                   A        B        C        D        E       F      G
               +--------+--------+--------+--------+--------+-----+--------+
         Total |   2596 |   2525 |     71 |      0 |   2185 |   3 |  865.3 |
       Dungeon |   2596 |   2525 |     71 |      0 |   2185 |   3 |  865.3 |
               +--------+--------+--------+--------+--------+-----+--------+

Top non-repeatable levels by time:
     D:2: 1103 daAuts
     D:1: 982 daAuts
     D:3: 510 daAuts
